 Dungeon Crawl Stone Soup version 0.28.0-45-g0d030f2227 (webtiles) character file.

Game seed: 3153989645682487076

116 Peloso the Covered (level 4, 0/40 HPs)
             Began as a Minotaur Fighter on Apr 10, 2022.
             Slain by a gnoll
             ... wielding a +0 flail
              (6 damage)
             ... on level 2 of the Dungeon.
             The game lasted 00:03:05 (1941 turns).

Peloso the Covered (Minotaur Fighter)               Turns: 1941, Time: 00:03:06

Health: 0/40       AC: 10    Str: 20    XL:     4   Next: 70%
Magic:  3/3        EV:  7    Int:  5    God:
Gold:   52         SH:  5    Dex: 12    Spells: 3/3 levels left

rFire   . . .      SeeInvis .   a - +0 long sword
rCold   . . .      Faith    .   c - +0 buckler
rNeg    . . .      Spirit   .   l - +0 chain mail {Will+}
rPois   .          Reflect  .   (helmet restricted)
rElec   .          Harm     .   (no cloak)
rCorr   .          Rampage  .   (no gloves)
Will    +....                   o - +0 pair of boots
Stlth   ..........              (no amulet)
HPRegen 0.13/turn               (no ring)
MPRegen 0.08/turn               (no ring)

@: lit by a corona, glowing
A: horns 2, retaliatory headbutt
a: no special abilities


You were on level 2 of the Dungeon.
You visited 1 branch of the dungeon, and saw 2 of its levels.

You collected 52 gold pieces.

Inventory:

Hand Weapons
 a - a +0 long sword (weapon)
Missiles
 i - 2 throwing nets (quivered)
Armour
 b - a +0 scale mail
 c - a +0 buckler (worn)
 l - a +0 chain mail of willpower (worn)
 o - a +0 pair of boots (worn)
Scrolls
 g - 3 scrolls of identify {unknown}
 h - a scroll of fear {unknown}
 j - a scroll of torment {unknown}
 k - a scroll of fog {unknown}
 n - a scroll of enchant weapon {unknown}
Potions
 d - a potion of might
 e - 2 potions of curing {unknown}
 f - 3 potions of flight {unknown}
 m - a potion of haste {unknown}


   Skills:
 + Level 4.2 Fighting
 + Level 3.8 Long Blades
 + Level 4.8 Armour
 + Level 0.4 Dodging
 + Level 4.3 Shields


You had 3 spell levels left.
You didn't know any spells.
Your spell library was empty.

Dungeon Overview and Level Annotations

Branches:
Dungeon (2/15)

Altars:

Shops:
D:1 ?*!!(


Innate Abilities, Weirdness & Mutations

You have a pair of horns on your head.
You reflexively headbutt those who attack you in melee.


Message History

The gnoll shouts!
A gnoll comes into view. It is wielding a +0 halberd.
You block the gnoll's attack.
The gnoll moves out of view.
You barely miss the gnoll.
The gnoll shouts!
The gnoll hits you with a +0 club.
You barely miss the gnoll. Your headbutt misses the gnoll.
The gnoll hits you with a +0 club.
You closely miss the gnoll.
The gnoll hits you but does no damage. x2
The gnoll closely misses you.
You slash the gnoll! Your headbutt misses the gnoll.
The gnoll is severely wounded.
The gnoll shaman calls upon its god to speed up the gnoll.
The gnoll seems to speed up.
The gnoll barely misses you. x2
You barely miss the gnoll. You headbutt the gnoll.
You kill the gnoll!
The gnoll hits you from afar with a +0 halberd!
You hit the gnoll shaman. You headbutt the gnoll shaman.
The gnoll shaman is moderately wounded.
The gnoll barely misses you. You block the gnoll shaman's attack.
You hit the gnoll shaman.
The gnoll shaman is heavily wounded.
The gnoll hits you from afar with a +0 halberd.
The gnoll shaman invokes the aid of its god against you.
You are outlined in light.
The gnoll hits you from afar with a +0 halberd.
You barely miss the gnoll shaman. You headbutt the gnoll shaman!
The gnoll shaman is almost dead.
The gnoll shaman hits you with a +0 whip.
* * * LOW HITPOINT WARNING * * *
You block the gnoll's attack.
You slash the gnoll shaman!
You kill the gnoll shaman!
The gnoll hits you but does no damage. The gnoll closely misses you.
The gnoll hits you with a +0 flail!
* * * LOW HITPOINT WARNING * * *
You block the gnoll's attack. The gnoll hits you but does no damage.
The gnoll hits you with a +0 flail.
You die...

#)# #.......####.#
#g# #........# #..
#.# #........###..
#g# #.............
#.# #.......####..
#g#### #########
##. #....# #.
####g# #. #@# #.
#.##### #. #.....#
#########.
#####.###.........
#.....#####...
####### #.## #.##
#.## #.##


You could see a gnoll (fast).

Vanquished Creatures
  A gnoll shaman (D:2)
  Terence (D:2)
  A gnoll (D:2)
  3 adders (D:2)
  2 bats (D:2)
  3 endoplasms (D:2)
  3 giant cockroaches
  A jackal (D:1)
  A quokka (D:2)
  3 ball pythons
  3 frilled lizards
  6 rats
28 creatures vanquished.

Notes
Turn   | Place    | Note
-------+----------+-------------------------------------------
     0 | D:1      | Peloso the Minotaur Fighter began the quest for the Orb.
     0 | D:1      | Reached XP level 1. HP: 19/19 MP: 0/0
    32 | D:1      | Found Dewabown's Magic Scroll Boutique.
    34 | D:1      | Found Tuof's General Store.
   292 | D:1      | Found Yssunude's Distillery.
   324 | D:1      | Found Siegaproit's Weapon Shoppe.
   340 | D:1      | Found Qosoewn's Distillery.
   396 | D:1      | Reached XP level 2. HP: 27/27 MP: 1/1
  1010 | D:2      | Noticed Terence
  1029 | D:2      | Killed Terence
  1030 | D:2      | Reached XP level 3. HP: 8/33 MP: 2/2
  1555 | D:2      | Reached XP level 4. HP: 19/40 MP: 3/3
  1941 | D:2      | Slain by a gnoll

Illustrated notes

Levels and vault maps discovered:
D:1:      dpeg_arrival_rhombi, layout_basic, serial_shops,
          nicolae_shop_behind_doors, shop_statue, nicolae_shop_crystal, shop,
          nicolae_shop_waterfront
D:2:      layout_loops_cross, uniq_terence, uniq_sigmund

Skill      XL: |  1  2 |
---------------+-------+-----
Fighting       | 4 |  4.2
Long Blades    | 3 |  3.8
Armour         | 4 |  4.8
Shields        | 4 |  4.3
Dodging        | |  0.4

Action                   |  1- 3 |  4- 6 || total
-------------------------+-------+-------++-------
Melee: Long sword        |    65 |    16 ||    81
       Headbutt          |     6 |     3 ||     9
Armor: Scale mail        |    19 |       ||    19
       Chain mail        |    16 |    12 ||    28
Dodge: Dodged            |    21 |     6 ||    27
Block: Buckler           |    16 |     5 ||    21
